Map: King of Braxis Station

Players

MrFercho - Winner!

  • Race: Zerg Zerg
  • Spawn Location: 5:00

tigro

  • Race: Terran Terran
  • Spawn Location: 11:00

TATORREA

  • Race: Terran Terran
  • Spawn Location: 12:00

VOD

Have the link to the VOD?

Description

Time

  • Played on: April 5, 2020, 6:44 p.m.
  • Length: 86:53
Show
View Real Time Build Order
Export as new Build Order

MrFercho Zerg - Winner!

Build Orders: Hatch First, Lurkers 

Get SALT Encoding   

  12  0:09  Drone  
  13  0:15  Overlord  
  13  0:18  Drone  
  15  0:35  Drone x2  
  15  0:42  Extractor  
  15  0:47  Extractor, Drone  
  15  0:56  Drone  
  16  1:06  Drone  
  17  1:15  Hatchery  
  16  1:29  Drone  
  16  1:30  Drone  
  18  1:39  Spawning Pool  
  17  1:48  Drone x2  
  19  1:57  Evolution Chamber  
  18  2:02  Overlord  
  18  2:12  Drone  
  19  2:23  Zerg Melee Weapons Level 1  
  19  2:31  Drone  
  19  2:32  Drone  
  21  2:45  Zergling x6  
  21  2:47  Metabolic Boost  
  24  2:51  Drone  
  24  2:53  Drone  
  26  3:17  Drone x2  
  26  3:18  Drone x2  
  30  3:27  Lair  
  30  3:53  Zergling x2  
  30  3:54  Zergling x10  
  33  4:17  Extractor  
  33  4:18  Drone x2  
  34  4:28  Hatchery  
  33  4:54  Drone  
  33  4:55  Drone x2  
  33  4:59  Overlord x3  
  31  5:39  Zergling x6  
  31  5:42  Zergling x6  
  36  5:59  Infestation Pit  
  35  6:14  Overseer  
  35  6:16  Hatchery  
  35  6:17  Hatchery  
  33  6:26  Hatchery  
  32  6:33  Drone x5  
  32  6:34  Drone x4  
  41  6:50  Extractor  
  34  7:29  Zergling x4  
  36  7:30  Zergling x6  
  36  7:31  Zergling x6  
  36  7:32  Infestor  
  44  7:47  Drone x5  
  49  8:05  Roach Warren  
  49  8:09  Baneling Nest  
  47  8:21  Hydralisk Den  
  47  8:25  Drone x3, Spire  
  48  8:28  Hive  
  48  8:43  Drone x6  
  48  8:44  Drone x4  
  58  8:56  Lurker Den  
  57  9:04  Spire  
  56  9:10  Zerg Ground Armor Level 1  
  56  9:15  Evolution Chamber  
  56  9:16  Evolution Chamber  
  46  9:38  Mutalisk x4  
  46  9:39  Mutalisk x6  
  46  9:40  Mutalisk x2  
  46  9:41  Mutalisk  
  72  9:46  Pneumatized Carapace  
  68  10:44  Overlord x4  
  68  10:45  Overlord x3  
  68  10:57  Extractor  
  68  10:58  Extractor, Hatchery  
  65  11:28  Hydralisk x3  
  65  11:29  Hydralisk x5  
  65  11:30  Hydralisk x4  
  65  11:31  Hydralisk  
  91  11:54  Drone  
  91  11:55  Drone x7  
  91  11:56  Drone x4  
  103  12:50  Corruptor x5  
  113  12:55  Overlord  
  113  12:56  Overlord x6  
  113  12:57  Overlord x2  
  113  12:59  Zerg Ground Armor Level 2, Zerg Melee Weapons Level 2  
  113  13:00  Zerg Missile Weapons Level 1  
  113  13:07  Zerg Flyer Weapons Level 1  
  107  13:37  Drone x3  
  110  13:49  Drone x5  
  110  13:50  Drone x6  
  110  13:51  Drone x5  
  122  14:25  Lurker x3  
  122  14:26  Lurker x7  
  132  14:40  Drone  
  132  14:41  Drone x2  
  135  14:50  Zerg Flyer Armor Level 1  
  135  14:54  Queen  
  135  14:59  Queen x3  
  143  15:43  Zergling x10  
  143  15:44  Zergling x2, Roach x5  
  143  15:45  Mutalisk x5  
  143  15:46  Mutalisk x5  
  179  15:59  Extractor  
  179  16:00  Extractor  
  179  16:03  Drone x7  
  184  16:25  Zerg Missile Weapons Level 2, Zerg Melee Weapons Level 3  
  184  16:29  Zerg Ground Armor Level 3  
  184  16:36  Glial Reconstitution  
  184  18:22  Burrow  
  176  20:08  Zerg Flyer Weapons Level 2, Zerg Flyer Armor Level 2  
  176  20:34  Overlord x5  
  176  20:40  Overseer  
  166  21:17  Corruptor x3  
  166  21:18  Corruptor x3  
  162  21:19  Mutalisk  
  162  21:20  Mutalisk x5  
  162  21:23  Roach  
  162  21:24  Hydralisk, Roach x4  
  162  21:25  Hydralisk x3  
  192  21:55  Zerg Missile Weapons Level 3  
  192  22:04  Grooved Spines  
  192  22:06  Pathogen Glands  
  192  22:08  Adaptive Talons  
  190  22:09  Adrenal Glands  
  184  22:28  Ravager x3  
  184  22:29  Ravager x2  
  189  22:31  Lurker  
  189  22:32  Lurker x3  
  193  22:40  Zergling x12  
  199  23:02  Neural Parasite  
  199  23:05  Seismic Spines  
  199  23:15  Muscular Augments  
  199  23:16  Ultralisk Cavern  
  199  23:19  Nydus Network, Greater Spire x2  
  197  23:26  Tunneling Claws  
  197  23:27  Centrifical Hooks  
  197  23:34  Baneling x11  
  197  23:35  Baneling  
  180  24:21  Unknown  
  160  24:58  Overseer x2  
  133  25:12  Ultralisk x5  
  133  25:13  Zergling x4  
  133  25:14  Zergling x8  
  167  25:15  Roach x5  
  167  25:16  Hydralisk, Roach x2  
  167  25:17  Hydralisk x2  
  189  25:32  Brood Lord x2  
  193  26:19  Nydus Canal  
  178  26:52  Corruptor  
  178  26:53  Corruptor x6  
  178  26:54  Corruptor x5  
  184  26:55  Corruptor  
  198  27:24  Nydus Canal  
  170  29:02  Mutalisk x2  
  170  29:03  Mutalisk x6  
  170  29:04  Mutalisk  
  188  29:10  Brood Lord x2  
  188  29:11  Brood Lord x2  
  196  29:33  Zergling x2  
  196  29:34  Zergling x4  
  139  32:19  Corruptor x3  
  139  32:20  Corruptor x6  
  139  32:21  Corruptor x5  
  139  32:22  Corruptor  
  153  32:34  Overlord x3  
  153  32:35  Overlord  
  153  32:37  Ultralisk x2  
  153  32:38  Ultralisk x4  
  198  33:34  Chitinous Plating  
  198  33:39  Zerg Flyer Armor Level 3, Zerg Flyer Weapons Level 3  
  198  34:16  Overseer  
  198  34:17  Overseer x3  
  198  34:40  Hatchery  
  198  34:45  Hatchery x2  
  196  34:49  Hatchery x2  
  193  34:53  Brood Lord x2, Anabolic Synthesis  
  193  34:54  Brood Lord  
  199  35:23  Overseer  
  177  37:09  Corruptor x6  
  177  37:10  Corruptor x5  
  199  38:34  Spore Crawler  
  198  38:35  Spore Crawler  
  198  38:36  Spore Crawler  
  196  38:44  Spine Crawler  
  196  38:46  Spine Crawler  
  196  38:48  Spine Crawler  
  193  40:23  Hatchery  
  193  40:28  Hatchery  
  134  42:37  Corruptor  
  134  42:38  Corruptor x6  
  134  42:39  Corruptor x5  
  134  42:40  Corruptor x4  
  134  42:41  Corruptor  
  134  42:42  Mutalisk x3  
  134  42:43  Mutalisk  
  176  43:04  Spore Crawler  
  157  43:55  Hydralisk  
  157  43:56  Hydralisk x5  
  157  43:59  Roach x2  
  157  44:00  Roach x6  
  157  44:01  Roach  
  188  44:02  Zergling x2  
  188  44:03  Zergling x12  
  188  44:04  Zergling x6  
  188  44:05  Zergling x4  
  199  44:43  Baneling  
  199  44:44  Baneling x7  
  169  45:41  Ultralisk x3, Hydralisk x4  
  169  45:42  Hydralisk  
  197  45:45  Roach  
  191  46:57  Brood Lord x4  
  149  48:54  Hydralisk x5  
  149  48:55  Hydralisk x2  
  161  48:56  Zergling x10  
  161  48:57  Roach x6  
  161  48:58  Ultralisk x2, Roach  
  161  48:59  Ultralisk  
  157  51:04  Ultralisk x3  
  157  51:05  Zergling x6  
  157  51:06  Zergling x4, Roach  
  157  51:07  Hydralisk x2, Roach x6  
  157  51:08  Hydralisk x3  
  198  54:40  Zergling x2  
  198  54:41  Zergling x2  
  200  55:10  Overseer  
  197  57:11  Spore Crawler  
  197  57:12  Spore Crawler  
  197  57:13  Spore Crawler x2  
  163  57:21  Spine Crawler  
  127  57:25  Spine Crawler  
  127  57:26  Drone, Spine Crawler  
  127  57:28  Corruptor x2, Spine Crawler  
  127  57:29  Mutalisk x5  
  119  57:30  Mutalisk x3  
  119  57:31  Zergling x6  
  119  57:32  Roach x3  
  119  57:33  Roach x6  
  119  57:34  Roach x3  
  119  57:35  Ultralisk x2  
  119  57:36  Ultralisk x3  
  159  58:09  Corruptor x3  
  159  58:10  Corruptor x3, Mutalisk x2  
  159  58:11  Corruptor, Mutalisk x4  
  159  58:12  Corruptor x5, Mutalisk x2  
  184  58:13  Corruptor x3, Mutalisk x2  
  184  58:14  Mutalisk  
  186  58:56  Brood Lord x4  
  194  59:14  Zergling x8  
  194  59:15  Zergling x2  
  117  59:55  Corruptor x3  
  117  59:56  Corruptor x5  
  117  59:57  Corruptor x7  
  117  59:58  Corruptor x3  
  145  60:03  Hydralisk x6  
  145  60:04  Hydralisk x4  
  145  60:05  Hydralisk x2  
  169  60:14  Baneling  
  169  60:15  Baneling x9  
  168  60:49  Infestor  
  168  60:50  Infestor x3  
  168  60:51  Viper x2  
  168  60:52  Infestor x4  
  168  60:53  Viper x2  
  196  60:58  Zergling x6  
  199  61:23  Baneling x2  
  199  61:24  Baneling x2  
  199  61:25  Baneling  
  199  61:26  Baneling  
  198  62:15  Baneling x6  
  178  63:48  Brood Lord x4  
  186  64:02  Lurker x3  
  189  64:04  Lurker  
  189  64:05  Lurker  
  189  64:06  Lurker  
  150  65:52  Ultralisk  
  150  65:53  Ultralisk x4  
  150  65:54  Hydralisk x6  
  150  65:56  Zergling x4  
  150  65:57  Zergling x2, Roach  
  195  65:58  Roach  
  199  66:25  Infestor x8  
  199  66:27  Nydus Canal  
  199  68:14  Baneling  
  199  68:15  Baneling x5  
  170  70:07  Corruptor x3  
  170  70:08  Corruptor x6  
  122  72:11  Brood Lord x2  
  122  72:12  Brood Lord x2  
  130  73:04  Ultralisk x3, Hydralisk x2  
  130  73:05  Ultralisk, Hydralisk x2  
  162  73:06  Zergling x4  
  162  73:07  Roach x5  
  162  73:08  Zergling x10  
  162  73:09  Zergling x8  
  162  73:10  Roach x3  
  187  75:04  Baneling  
  187  75:05  Baneling x21  
  187  75:11  Zergling x2  
  187  75:12  Zergling x24  
  200  75:57  Baneling  
  200  75:58  Baneling x18  
  200  75:59  Baneling x7  
  200  76:14  Nydus Canal  
  176  77:04  Corruptor x2  
  176  77:05  Corruptor x7  
  176  77:06  Corruptor x3  
  169  79:24  Ultralisk x4  
  169  79:25  Ultralisk x2  
  183  81:29  Brood Lord  
  183  81:30  Brood Lord x3  
  187  83:10  Zergling x2  
  187  83:11  Zergling x24  
  200  83:42  Baneling  
  200  83:43  Baneling x9  
  197  84:19  Baneling  
  197  84:20  Baneling x15  
  184  85:52  Drone  
  184  85:54  Zergling x16  
  184  85:55  Zergling x14  
Show
View Real Time Build Order
Export as new Build Order

tigro Terran 

Build Orders:  

Get SALT Encoding   

  12  0:06  SCV  
  13  0:18  SCV  
  14  0:31  Supply Depot  
  14  0:33  Refinery  
  14  0:38  SCV, Refinery  
  15  0:52  SCV  
  16  1:06  Barracks  
  16  1:12  SCV  
  17  1:24  SCV  
  18  1:36  Barracks, SCV  
  19  1:55  Marine  
  19  2:00  Supply Depot  
  20  2:06  SCV  
  21  2:13  Marine  
  22  2:18  SCV  
  23  2:24  Barracks Tech Lab  
  23  2:31  Marine  
  24  2:38  Orbital Command  
  24  2:39  Engineering Bay  
  24  2:49  Marine  
  25  3:00  Factory  
  25  3:03  Marauder  
  25  3:05  Combat Shield  
  27  3:06  Marine  
  28  3:40  Factory, SCV  
  29  3:56  Factory Tech Lab  
  29  4:17  Barracks Tech Lab  
  29  4:20  Marauder  
  31  4:24  Stimpack  
  31  4:27  Factory Tech Lab  
  31  4:31  Terran Infantry Weapons Level 1  
  31  4:52  Supply Depot  
  31  4:53  Marine  
  32  5:03  Starport  
  25  5:07  Marine  
  25  5:12  Marauder  
  27  5:25  Marine  
  25  5:32  Marine  
  21  5:43  Marine  
  22  5:51  Marauder  
  24  6:01  Marine  
  25  6:04  Concussive Shells  
  25  6:09  SCV  
  26  6:12  Marine  
  27  6:18  Marine  
  27  6:21  SCV  
  27  6:25  Terran Infantry Armor Level 1  
  29  6:30  Marauder  
  31  6:33  SCV  
  31  6:36  Marine  
  31  6:37  Starport  
  33  6:45  SCV  
  33  6:46  Infernal Pre-Igniter  
  34  6:51  Marauder  
  36  6:54  Marine  
  36  6:57  SCV  
  38  7:03  Medivac  
  40  7:12  Marine  
  41  7:31  Marauder  
  41  7:34  Starport Tech Lab  
  43  7:37  Starport Tech Lab  
  43  7:50  Missile Turret  
  43  7:51  Marine, SCV  
  45  8:03  SCV  
  45  8:04  Mag-Field Accelerator  
  46  8:14  Armory  
  46  8:15  SCV  
  46  8:16  Corvid Reactor, Missile Turret  
  46  8:18  Cloaking Field  
  46  8:19  Neosteel Armor  
  47  8:27  SCV  
  48  9:29  Fusion Core  
  48  9:32  Marauder  
  48  9:34  Marine  
  48  9:38  Hyperflight Rotors  
  51  9:52  Marine  
  51  9:53  Command Center  
  51  9:54  Marauder  
  51  9:59  Hi-Sec Auto Tracking  
  54  10:10  Marine  
  54  10:13  Siege Tank  
  58  10:15  Marauder  
  60  10:27  Missile Turret  
  60  10:28  Marine  
  61  10:36  Marauder  
  63  10:50  Missile Turret  
  63  11:03  Supply Depot  
  63  11:04  Marauder, Marine  
  66  11:12  Missile Turret  
  66  11:16  Missile Turret  
  65  11:52  Missile Turret  
  65  12:00  Missile Turret  
  65  12:35  Missile Turret  
  65  13:07  Weapon Refit  
  71  13:12  Battlecruiser  
  71  13:32  Missile Turret  
  71  13:50  Missile Turret  
  71  13:52  Missile Turret  
  70  14:30  Missile Turret  
  70  14:44  Supply Depot, Battlecruiser  
  76  14:47  Rapid Reignition System  
  76  15:07  Missile Turret  
  76  15:11  Terran Infantry Weapons Level 2  
  76  15:13  Supply Depot, Terran Vehicle Weapons Level 1  
  76  15:20  Drilling Claws  
  76  15:44  Advanced Ballistics  
  76  16:38  Smart Servos  
  76  16:46  Missile Turret  
  76  17:01  Missile Turret  
  76  17:08  Terran Vehicle And Ship Armor Level 1  
  76  17:19  Command Center  
  76  17:26  Terran Infantry Armor Level 2  
  76  17:28  Command Center  
  76  18:01  Battlecruiser  
  76  18:03  Battlecruiser  
  88  18:33  Missile Turret  
  88  18:46  Siege Tank  
  91  18:50  Siege Tank  
  91  18:51  Missile Turret  
  91  18:53  Planetary Fortress  
  94  19:00  Planetary Fortress  
  94  19:02  Terran Ship Weapons Level 1  
  94  19:25  Refinery  
  93  20:15  SCV  
  94  20:27  SCV  
  95  20:46  Missile Turret  
  101  20:50  Battlecruiser  
  101  20:52  Battlecruiser  
  107  21:02  Missile Turret  
  107  21:12  Missile Turret  
  104  21:29  Marine  
  105  21:33  Marine  
  106  21:47  Marine  
  106  21:50  SCV  
  106  21:51  Marine  
  108  22:04  Marine  
  109  22:08  Marine  
  110  22:22  Marine  
  110  22:26  Marine  
  112  22:36  Battlecruiser  
  118  22:40  Marine  
  118  22:43  SCV  
  120  22:44  Marine  
  121  22:58  Marine  
  121  23:02  Marine, Missile Turret x2  
  123  23:13  Command Center  
  123  23:16  Marine  
  123  23:17  Raven  
  126  23:20  Marine  
  127  23:34  Marine  
  128  23:38  Marine  
  128  23:40  Raven  
  131  23:54  Missile Turret  
  131  24:07  Missile Turret  
  131  24:20  Medivac  
  131  24:23  Medivac  
  135  24:50  Battlecruiser  
  110  25:09  Refinery  
  110  25:14  Refinery  
  93  25:36  Missile Turret  
  93  25:46  Marine  
  94  25:50  Planetary Fortress  
  94  26:04  Marine, Missile Turret  
  95  26:16  Battlecruiser  
  101  26:22  Marine  
  102  26:40  Marine  
  103  26:58  Marine  
  104  27:12  Missile Turret  
  104  27:20  Battlecruiser  
  92  28:05  SCV  
  93  28:17  Battlecruiser, SCV  
  73  28:29  SCV  
  52  28:41  SCV  
  52  28:45  Marine  
  51  28:53  SCV  
  52  29:03  Marine  
  53  29:15  Missile Turret  
  53  29:19  Marauder  
  53  29:21  Marine  
  56  29:39  Marine  
  56  29:40  Marauder  
  56  29:42  Battlecruiser  
  65  29:46  Thor  
  65  29:48  Thor  
  70  29:57  Marine  
  71  30:02  Marauder  
  73  30:23  Marauder  
  62  30:37  Battlecruiser  
  68  30:44  Marauder  
  38  31:53  Battlecruiser  
  34  32:03  Viking  
  30  32:37  Refinery  
  30  32:44  SCV  
  31  32:56  SCV, Starport Tech Lab  
  31  32:57  Battlecruiser  
  38  33:01  Barracks  
  38  33:08  SCV  
  39  33:20  SCV  
  40  33:32  SCV  
  41  33:34  Barracks  
  41  33:52  Barracks Tech Lab  
  41  33:54  Factory  
  41  34:06  Command Center  
  41  34:11  Marine  
  42  34:22  Command Center  
  42  34:28  Barracks Tech Lab  
  42  34:29  Marine  
  43  34:44  Factory  
  43  34:47  Marine  
  43  34:49  Marauder  
  46  34:58  Medivac  
  48  35:02  Raven  
  48  35:05  Marine  
  51  35:10  Marauder  
  53  35:21  Missile Turret  
  53  35:22  Marine, Planetary Fortress  
  54  35:28  Battlecruiser  
  54  35:31  Marauder  
  62  35:36  Missile Turret  
  62  35:40  Marine  
  63  35:44  SCV  
  63  35:48  Planetary Fortress  
  64  35:53  Marauder  
  64  35:56  SCV  
  67  35:57  Missile Turret  
  67  35:58  Marine  
  68  36:06  Missile Turret  
  68  36:11  Factory Tech Lab  
  68  36:12  Thor  
  68  36:14  Marauder  
  76  36:29  Command Center  
  68  36:51  Missile Turret  
  68  37:15  Missile Turret  
  66  37:24  Raven  
  66  37:26  Raven  
  70  37:44  Missile Turret  
  70  37:49  Planetary Fortress  
  70  38:00  Missile Turret  
  70  38:04  Hellbat  
  72  38:06  Hellbat  
  72  38:07  Battlecruiser  
  72  38:09  Battlecruiser  
  86  38:19  Marine  
  87  38:37  Marine  
  88  38:55  Marine  
  89  39:08  Siege Tank  
  92  39:10  Siege Tank  
  92  39:11  Viking, Missile Turret  
  92  39:12  Marine  
  92  39:13  Battlecruiser  
  104  39:23  Missile Turret  
  104  39:30  Marine  
  105  39:41  Viking  
  107  39:49  Missile Turret  
  107  40:01  Command Center  
  107  40:17  Viking  
  107  40:20  Missile Turret  
  109  40:33  Battlecruiser  
  115  40:42  Missile Turret  
  61  40:51  Marine  
  50  41:07  Marine  
  50  41:09  Marine  
  25  41:56  Viking  
  15  42:26  Viking  
  17  42:56  Viking  
  19  43:26  Medivac, SCV  
  22  43:36  Engineering Bay  
  22  43:38  SCV  
  23  43:56  Medivac  
  25  44:47  Command Center  
  25  44:56  Planetary Fortress  
  25  45:31  SCV  
  26  45:50  Viking  
  28  46:01  Barracks  
  28  46:32  Viking  
  30  46:51  Barracks Tech Lab  
  30  46:52  Orbital Command  
  30  47:24  SCV  
  31  47:36  SCV  
  32  47:48  SCV  
  33  47:57  Marine  
  34  48:00  SCV  
  36  48:12  SCV  
  36  48:15  Marine  
  37  48:24  SCV  
  38  48:32  Marine  
  39  48:37  SCV  
  40  48:50  Marine, Refinery  
  41  49:08  Marine  
  42  49:18  Missile Turret  
  42  49:21  SCV  
  43  49:26  Marauder  
  38  49:33  SCV  
  39  49:45  SCV  
  39  49:48  Marauder  
  42  49:57  SCV  
  43  50:00  Missile Turret  
  35  50:09  Marine  
  35  50:10  SCV  
  35  50:26  Marine  
  33  50:42  Missile Turret  
  33  50:44  Marine  
  34  51:02  Marine  
  35  51:09  Factory  
  35  51:12  Viking  
  37  51:20  Marine  
  38  51:38  Marine  
  39  51:42  Viking  
  41  51:55  Marine  
  41  52:00  Fusion Core  
  41  52:01  Factory Tech Lab  
  42  52:12  Viking  
  42  52:14  Marauder  
  39  52:35  Marauder  
  41  52:42  Viking  
  43  52:52  Starport  
  43  52:57  Marauder  
  12  54:04  Supply Depot  
  12  54:44  Barracks  
  12  54:50  SCV  
  13  55:02  SCV  
  14  55:15  SCV  
  15  55:27  SCV  
  16  55:35  Barracks Tech Lab  
  16  55:39  SCV  
  17  55:54  Marauder  
  19  56:05  Barracks  
  19  56:15  Marauder  
  21  56:20  Factory  
  21  56:37  Marauder  
  23  56:55  Barracks Tech Lab  
  23  56:57  Missile Turret  
  23  56:58  Marauder  
  25  57:05  Factory Tech Lab  
  25  57:11  Supply Depot  
  25  57:14  Marauder  
  27  57:19  Marauder  
  29  57:28  Starport  
  29  57:35  Marauder  
  31  57:37  Armory  
  31  57:41  Marauder  
  33  57:57  Marauder  
  35  58:02  Marauder  
  37  58:12  Viking  
  37  58:18  Marauder  
  41  58:24  Marauder, Starport  
  41  58:26  Fusion Core  
  43  58:40  Marauder  
  45  58:42  Viking  
  45  58:45  Marauder  
  49  58:50  SCV  
  50  59:02  SCV  
  51  59:04  Starport Tech Lab  
  51  59:12  Viking  
  51  59:14  SCV  
  51  59:15  Missile Turret  
  54  59:24  Raven  
  54  59:26  SCV  
  57  59:36  Marauder  
  60  59:38  SCV  
  60  59:39  Marauder  
  60  59:42  Viking  
  64  59:58  Marauder  
  66  60:01  Marauder  
  68  60:07  Medivac  
  68  60:12  Viking  
  72  60:19  Marauder  
  74  60:22  Marauder  
  76  60:30  Supply Depot  
  76  60:37  Medivac  
  76  60:40  Marauder  
  80  60:43  Marauder  
  82  61:02  Marauder  
  84  61:05  Marauder  
  84  61:07  Raven  
  88  61:21  Missile Turret  
  88  61:34  Command Center  
  88  61:42  Starport Tech Lab  
  88  61:49  Viking  
  90  62:02  Viking  
  92  62:19  Viking  
  94  62:25  Marine  
  94  62:29  Marine  
  96  62:32  Viking  
  98  62:43  Marine  
  99  62:47  Marine  
  99  62:50  Battlecruiser  
  88  63:01  Marine  
  88  63:02  Viking  
  88  63:05  Marine  
  44  63:19  Marine  
  39  63:23  Marine  
  38  63:32  Viking  
  36  63:37  Marine  
  36  63:40  Marine  
  34  64:02  Viking  
  32  65:21  Orbital Command  
  32  65:54  Fusion Core  
  32  65:59  Marauder  
  32  66:01  Marine  
  35  66:05  Viking  
  37  66:17  Viking  
  39  66:19  Marine  
  39  66:20  Marauder  
  42  66:35  Viking  
  42  66:37  Marine  
  45  66:42  Marauder  
  45  66:45  SCV  
  48  66:47  Viking  
  50  66:54  Missile Turret  
  50  66:55  Marine  
  50  66:58  SCV  
  52  67:03  Marauder, Factory  
  52  67:05  Viking  
  56  67:10  SCV  
  56  67:13  Marine  
  58  67:17  Viking  
  58  67:22  SCV  
  61  67:24  Marauder  
  63  67:34  SCV  
  63  67:35  Viking  
  66  67:46  SCV  
  66  67:47  Viking  
  66  67:50  Factory  
  69  67:58  SCV  
  70  68:05  Viking  
  72  68:10  Missile Turret, SCV  
  73  68:17  Medivac  
  75  68:22  SCV  
  76  68:30  Refinery  
  76  68:34  SCV  
  76  68:35  Refinery  
  77  68:46  SCV  
  78  68:49  Command Center  
  78  68:57  Raven  
  78  68:58  SCV  
  81  69:03  Raven  
  83  69:11  SCV  
  84  69:35  Supply Depot  
  84  69:57  Battlecruiser, SCV  
  91  70:01  Marauder  
  64  70:23  Marauder  
  60  70:44  Marauder  
  54  71:01  Battlecruiser  
  56  71:05  Marauder  
  56  71:08  Planetary Fortress  
  56  71:16  Missile Turret  
  56  71:18  Factory Tech Lab  
  56  71:20  Factory Tech Lab  
  56  71:27  Marauder  
  56  71:32  Supply Depot  
  58  71:51  Command Center  
  58  72:06  Battlecruiser  
  64  72:12  Missile Turret  
  64  72:32  Missile Turret  
  64  72:52  Missile Turret  
  64  73:03  Raven  
  66  73:10  Battlecruiser  
  66  73:11  Terran Vehicle Weapons Level 2  
  72  73:16  Planetary Fortress  
  72  73:32  Marauder  
  74  73:35  Marine  
  75  73:45  Supply Depot  
  75  73:52  Marine  
  75  73:53  Marauder  
  78  74:10  Marine  
  78  74:14  Raven  
  78  74:15  Marauder, Thor  
  89  74:17  Thor  
  95  74:28  Marine  
  96  74:36  Marauder  
  96  74:38  Supply Depot  
  98  74:42  Missile Turret  
  98  74:46  Marine  
  99  74:57  Battlecruiser  
  99  74:58  Marauder, Thor  
  99  74:59  Missile Turret  
  113  75:00  Thor  
  113  75:04  Marine  
  120  75:19  Marauder  
  122  75:22  Missile Turret  
  122  75:27  Terran Vehicle And Ship Armor Level 2  
  128  75:30  Battlecruiser  
  128  75:40  Thor  
  134  75:43  Thor  
  140  76:01  Battlecruiser, Missile Turret  
  146  76:14  Supply Depot  
  146  76:16  Missile Turret  
  146  76:28  Thor  
  146  76:29  Thor  
  115  76:35  Battlecruiser  
  116  76:48  Marauder  
  118  76:56  Supply Depot  
  118  76:59  Marine  
  119  77:05  Battlecruiser  
  125  77:09  Marauder  
  125  77:11  Thor  
  125  77:12  Thor  
  139  77:17  Marine  
  140  77:31  Marauder  
  140  77:34  Marine  
  140  77:35  Command Center  
  143  77:39  Battlecruiser  
  143  77:42  Terran Ship Weapons Level 2  
  115  77:52  Marauder, Marine  
  98  78:10  Marine, Battlecruiser  
  87  78:13  Marauder  
  66  78:43  Medivac  
  62  78:56  Supply Depot  
  56  79:13  Medivac  
  56  79:14  Battlecruiser  
  58  79:23  Missile Turret  
  44  79:43  Raven  
  44  79:45  Marauder  
  54  79:47  Marine  
  49  80:05  Marine  
  49  80:06  Marauder  
  40  80:23  Marine  
  40  80:27  Marauder  
  43  80:41  Marine  
  35  80:56  SCV  
  29  81:08  Barracks  
  29  81:09  SCV  
  22  81:21  SCV  
  22  81:22  Engineering Bay  
  23  81:33  SCV  
  24  81:45  SCV  
  25  81:57  Barracks Tech Lab  
  25  82:09  Supply Depot  
  24  82:18  Marauder  
  26  82:33  Supply Depot  
  26  82:34  Planetary Fortress  
  26  82:39  Marauder  
  28  83:01  Marauder, Factory  
  30  83:22  Marauder  
  32  83:43  Marauder  
  28  84:05  Marauder  
  28  84:06  Armory  
  28  84:08  Factory Tech Lab  
  21  84:26  Marine  
  20  84:39  Starport  
Show
View Real Time Build Order
Export as new Build Order

TATORREA Terran 

Build Orders:  

Get SALT Encoding   

  12  0:09  Refinery  
  12  0:20  Refinery  
  12  0:28  Supply Depot  
  12  0:41  SCV  
  13  0:53  SCV  
  13  0:54  Engineering Bay  
  14  1:14  SCV  
  15  1:24  Barracks  
  15  1:26  SCV  
  16  1:38  SCV  
  17  1:50  SCV  
  17  1:51  Supply Depot  
  18  2:13  Supply Depot  
  18  2:14  Barracks  
  18  2:16  Marine  
  19  2:34  Marine  
  19  2:37  Supply Depot  
  20  2:38  Hi-Sec Auto Tracking  
  20  2:52  Marine  
  21  3:05  Barracks Reactor  
  21  3:10  Marine  
  22  3:19  Missile Turret  
  22  3:20  Missile Turret  
  22  3:27  Marine  
  23  3:35  Terran Infantry Weapons Level 1  
  23  3:39  Supply Depot  
  23  3:45  Marine  
  24  4:03  Marine  
  24  4:17  Marine, Reaper  
  24  4:20  Factory  
  24  4:21  Marine  
  27  4:37  Marine  
  28  4:39  Marine  
  29  4:50  Reaper  
  30  4:54  Marine  
  31  5:12  Reaper  
  32  5:29  Terran Infantry Armor Level 1  
  32  5:31  Armory  
  32  5:36  Marine  
  33  5:54  Marine  
  34  6:12  Marine  
  35  6:23  Command Center, Starport  
  35  6:30  Marine  
  36  6:43  Factory Tech Lab  
  36  6:48  Marine  
  37  7:05  Marine  
  27  7:23  Neosteel Armor  
  27  7:33  Hellbat  
  29  7:41  Marine  
  30  7:54  Hellbat, SCV  
  33  7:59  Reaper  
  34  8:07  Medivac, SCV  
  37  8:15  Hellbat  
  39  8:31  Missile Turret  
  39  8:37  Hellbat  
  41  8:42  SCV  
  42  8:51  Missile Turret  
  42  8:54  SCV  
  43  8:58  Hellion  
  45  9:06  SCV  
  46  9:14  Missile Turret  
  46  9:19  SCV  
  47  9:31  SCV  
  39  10:21  Viking  
  35  10:30  Hellbat  
  33  10:36  Marine  
  33  10:39  Marine  
  35  10:51  Viking  
  35  10:54  Marine  
  38  11:05  Missile Turret  
  38  11:21  Viking  
  40  11:26  Missile Turret  
  40  11:46  Refinery  
  40  11:48  Missile Turret  
  40  11:51  Viking  
  42  12:21  Viking, Missile Turret  
  35  12:51  Viking  
  29  13:21  Viking  
  31  13:43  Thor  
  37  13:51  Viking  
  39  14:21  Viking  
  41  14:51  Viking  
  43  15:05  Thor  
  49  15:21  Viking  
  47  15:47  Thor  
  48  15:51  Viking  
  49  16:21  Viking  
  51  16:43  Smart Servos  
  51  17:01  Supply Depot  
  51  17:05  Supply Depot  
  51  17:10  Starport Tech Lab  
  51  17:22  Thor  
  51  17:24  Barracks Tech Lab  
  51  17:27  Supply Depot  
  57  17:30  Terran Infantry Weapons Level 2  
  57  17:40  Terran Vehicle Weapons Level 1  
  57  17:54  Raven  
  59  18:04  SCV  
  60  18:16  SCV  
  61  18:28  SCV  
  62  18:38  Raven  
  62  18:41  SCV  
  65  18:53  SCV  
  46  19:50  Banshee  
  49  20:13  Missile Turret  
  49  20:28  Terran Ship Weapons Level 1  
  49  20:32  Terran Infantry Armor Level 2  
  49  20:33  Banshee  
  49  20:34  Missile Turret  
  52  20:54  Missile Turret  
  52  21:15  Missile Turret  
  52  21:16  Banshee  
  55  21:36  Missile Turret  
  55  21:40  Supply Depot  
  55  21:44  Orbital Command  
  55  21:58  Raven  
  57  22:10  Fusion Core  
  57  22:23  Cloaking Field, Terran Vehicle And Ship Armor Level 1  
  57  22:48  Terran Infantry Weapons Level 3  
  57  23:00  Starport, Factory  
  57  23:22  Weapon Refit  
  57  23:25  Battlecruiser  
  63  23:43  Hyperflight Rotors  
  63  24:16  Terran Vehicle Weapons Level 2  
  53  24:29  Viking  
  55  24:59  Raven  
  57  25:01  Starport Tech Lab  
  57  25:04  Thor  
  63  25:08  Factory Tech Lab  
  63  25:42  Raven  
  65  25:47  Thor  
  71  27:14  Battlecruiser  
  77  27:42  Thor  
  83  27:54  Supply Depot  
  83  28:17  Supply Depot  
  83  28:18  Battlecruiser  
  89  28:40  Supply Depot  
  89  28:49  Thor  
  95  29:00  Viking  
  97  29:04  Supply Depot  
  97  29:26  Supply Depot  
  97  29:30  Viking  
  99  30:00  Viking  
  101  30:14  Banshee  
  104  30:24  Supply Depot  
  104  30:30  Viking  
  106  30:46  Supply Depot  
  106  30:49  Terran Ship Weapons Level 2  
  106  30:57  Banshee  
  106  31:00  Viking  
  111  31:30  Viking  
  111  32:43  Battlecruiser  
  117  32:50  Marine  
  118  32:53  Marine x2  
  120  33:08  Marine  
  120  33:10  Marine  
  120  33:11  Marine  
  123  33:23  Banshee  
  123  33:26  Marine  
  127  33:28  Marine x2  
  129  33:44  Marine  
  129  33:46  Marine x2  
  129  33:47  Battlecruiser  
  138  33:48  Terran Vehicle And Ship Armor Level 2  
  138  34:02  Marine  
  139  34:06  Banshee  
  142  34:13  Supply Depot  
  142  34:35  Hellbat  
  142  34:36  Supply Depot  
  144  34:51  Battlecruiser  
  150  34:58  Supply Depot, Hellbat  
  152  35:20  Supply Depot, Hellbat  
  154  35:27  Hellbat  
  156  35:41  Hellbat  
  156  35:42  Infernal Pre-Igniter  
  158  35:45  Supply Depot  
  158  35:48  Hellbat  
  158  35:49  Drilling Claws  
  160  36:02  Hellbat  
  162  36:08  Supply Depot  
  162  36:09  Hellbat  
  162  36:10  Banshee  
  167  36:24  Hellbat  
  163  36:31  Supply Depot, Hellbat  
  149  36:45  Hellbat  
  151  36:52  Hellbat  
  144  37:01  Mag-Field Accelerator  
  144  37:29  Battlecruiser  
  150  37:41  Supply Depot  
  150  38:08  Combat Shield  
  150  38:26  Thor  
  156  39:01  Terran Vehicle Weapons Level 3  
  156  39:27  Stimpack  
  156  40:08  Hellbat  
  156  40:11  Hellbat  
  160  40:29  Hellbat  
  160  40:32  Hellbat  
  161  40:50  Hellbat  
  161  40:53  Hellbat  
  161  40:54  Missile Turret  
  165  41:01  Battlecruiser  
  165  41:07  Concussive Shells  
  165  41:12  Hellbat  
  165  41:15  Hellbat, Missile Turret  
  169  41:33  Hellbat  
  169  41:36  Hellbat  
  169  41:38  Terran Ship Weapons Level 3  
  161  43:05  Hellbat  
  163  43:10  Hellbat  
  165  43:13  Battlecruiser  
  165  43:16  Battlecruiser  
  177  43:26  Hellbat  
  179  43:31  Hellbat  
  181  43:48  Hellbat  
  183  43:52  Hellbat  
  185  44:09  Hellbat  
  187  44:14  Hellbat  
  189  44:31  Hellbat  
  191  44:35  Hellbat  
  175  45:55  Missile Turret  
  175  45:56  Terran Vehicle And Ship Armor Level 3  
  175  45:59  Terran Infantry Armor Level 3  
  175  46:04  Thor  
  181  46:30  Missile Turret  
  181  46:47  Thor  
  187  47:07  Missile Turret  
  187  47:20  Missile Turret  
  187  47:26  Missile Turret  
  186  47:40  Missile Turret  
  155  48:56  Missile Turret  
  155  49:04  Hellbat  
  155  49:08  Hellbat  
  159  49:15  Missile Turret  
  159  49:26  Hellbat  
  159  49:30  Hellbat  
  163  49:34  Missile Turret  
  163  49:47  Hellbat  
  163  49:51  Hellbat  
  167  49:53  Supply Depot  
  167  49:54  Missile Turret  
  167  50:08  Hellbat  
  167  50:13  Hellbat  
  171  50:14  Missile Turret  
  171  50:15  Supply Depot  
  171  50:20  Battlecruiser  
  177  50:21  Battlecruiser  
  183  50:37  Supply Depot, Hellbat x2  
  183  50:41  Missile Turret  
  164  50:58  Hellbat x2  
  168  51:20  Hellbat x2  
  168  51:23  Missile Turret  
  168  51:24  Battlecruiser  
  178  51:26  Battlecruiser  
  184  51:34  Supply Depot  
  184  51:41  Hellbat x2  
  184  51:46  Missile Turret  
  188  51:57  Supply Depot  
  188  52:06  Missile Turret  
  188  52:25  Missile Turret  
  188  52:39  Medivac  
  190  52:48  Missile Turret  
  190  53:08  Missile Turret  
  190  53:17  Thor  
  196  53:24  Hellbat  
  198  53:46  Hellbat  
  200  53:48  Missile Turret  
  200  54:10  Missile Turret  
  200  55:02  Missile Turret  
  200  55:25  Missile Turret  
  200  56:03  Missile Turret  
  200  56:27  Missile Turret  
  200  56:42  Rapid Reignition System  
  200  56:55  Missile Turret  
  200  57:15  Missile Turret  
  168  57:21  Thor  
  146  57:38  Advanced Ballistics  
  139  58:03  Thor  
  139  58:25  Marine  
  132  58:27  Marine x2  
  134  58:40  Missile Turret  
  134  58:43  Marine  
  134  58:45  Marine x2  
  134  58:46  Thor  
  143  58:50  Battlecruiser  
  149  58:58  Hellbat  
  149  59:00  Missile Turret  
  149  59:01  Marine  
  152  59:03  Marine x2  
  154  59:18  Marine  
  154  59:19  Missile Turret  
  154  59:20  Hellbat  
  154  59:21  Marine x2  
  159  59:29  Thor  
  165  59:36  Marine  
  166  59:41  Hellbat  
  117  60:02  Hellbat  
  119  60:12  Thor  
  119  60:14  Marine  
  125  60:16  Marine x2  
  128  60:24  Hellbat  
  130  60:31  Marine  
  130  60:33  Missile Turret  
  130  60:34  Marine x2  
  133  60:45  Hellbat  
  133  60:46  SCV  
  133  60:49  Marine  
  137  60:51  Marine  
  137  60:52  Marine  
  137  60:55  Hellbat, Missile Turret  
  141  60:58  SCV  
  142  61:06  Hellbat  
  142  61:07  Marine  
  142  61:09  Marine x2  
  142  61:10  SCV  
  148  61:16  Missile Turret  
  148  61:17  Hellbat  
  150  61:22  SCV  
  150  61:25  Marine  
  152  61:28  Hellbat  
  154  61:34  SCV  
  154  61:38  Hellbat  
  157  61:46  SCV  
  158  62:03  Missile Turret  
  158  62:19  Hellbat  
  158  62:21  Hellbat  
  160  62:40  Hellbat, Missile Turret  
  160  62:43  Hellbat  
  164  63:00  Missile Turret  
  164  63:02  Hellbat  
  164  63:04  Hellbat  
  168  63:20  Missile Turret  
  168  63:23  Hellbat  
  168  63:26  Hellbat  
  172  63:29  Battlecruiser  
  172  63:31  Battlecruiser  
  184  63:41  Missile Turret  
  184  63:44  Hellbat  
  184  63:47  Hellbat  
  188  64:04  Missile Turret  
  188  64:18  Missile Turret  
  188  64:26  Missile Turret  
  188  64:35  Battlecruiser  
  194  64:39  Battlecruiser  
  194  64:42  Missile Turret  
  200  64:59  Missile Turret  
  200  65:01  Missile Turret  
  200  65:18  Missile Turret  
  200  65:20  Missile Turret  
  178  65:42  Missile Turret  
  165  65:44  Raven  
  165  65:58  Hellbat  
  167  66:06  Hellbat  
  169  66:18  Missile Turret  
  169  66:19  Hellbat  
  171  66:27  Hellbat  
  167  66:40  Banshee  
  167  66:41  Hellbat  
  172  66:48  Hellbat  
  174  66:59  Missile Turret  
  174  67:02  Hellbat  
  174  67:05  Missile Turret  
  176  67:23  Banshee  
  176  67:24  Hellbat  
  139  68:46  Battlecruiser  
  74  68:52  Hellbat  
  74  68:54  Hellbat  
  58  68:56  Marine  
  58  68:59  Marine x2  
  47  69:13  Hellbat  
  47  69:14  Marine  
  47  69:15  Hellbat  
  47  69:16  Marine  
  47  69:17  Marine  
  47  69:32  Marine  
  47  69:34  Marine x2, Hellbat  
  47  69:36  Hellbat  
  47  69:50  Marine, Battlecruiser  
  54  69:56  Hellbat  
  54  69:58  Hellbat  
  54  69:59  Marine x2  
  60  70:08  Marine  
  61  70:17  Marine x2, Hellbat  
  61  70:19  Hellbat  
  67  70:25  Marine  
  68  70:34  Marine  
  68  70:35  Marine  
  70  70:38  Siege Tank  
  73  70:43  Marine  
  74  70:52  Marine x2  
  76  71:01  Marine  
  77  71:11  Hellbat  
  46  71:55  Raven  
  24  72:23  Missile Turret  
  24  72:27  Missile Turret  
  24  72:31  Missile Turret  
  24  72:39  Missile Turret  
  24  72:43  Hellbat  
  26  72:50  Missile Turret  
  22  73:04  Hellbat  
  19  73:26  Hellbat  
Tags
 
Add a new tag
Caveats
  • Supply blocks, unpowered buildings, or Contaminate may cause inaccurate times.
  • Supply counts are checked every 10 seconds.